 Dungeon Crawl Stone Soup version 0.26-a0-712-ga5a9c9c9d0 (webtiles) character file.

Game seed: 5990744442998716624

113 reriks the Covered (level 4, -1/42 HPs)
             Began as a Deep Dwarf Fighter on Nov 1, 2020.
             Slain by Sigmund
             ... wielding a cursed -2 scythe
              (5 damage)
             ... on level 2 of the Dungeon.
             The game lasted 00:01:33 (1640 turns).

reriks the Covered (Deep Dwarf Fighter)             Turns: 1640, Time: 00:01:34

Health: -1/42      AC:  7    Str: 21    XL:     4   Next: 65%
Magic:  3/3        EV:  8    Int:  8    God:
Gold:   143        SH:  9    Dex: 12    Spells: 3/3 levels left

rFire    . . .     SeeInvis .   a - +0 war axe
rCold    + . .     Faith    .   c - +0 kite shield
rNeg     . . .     Spirit   .   b - +0 scale mail
rPois    .         Reflect  .   (no helmet)
rElec    .         Harm     .   (no cloak)
rCorr    .         Rampage  .   (no gloves)
MR       .....                  (no boots)
Stlth    ..........             j - amulet of inaccuracy (curse)
HPRegen  0.00/turn              g - ring of protection from cold
MPRegen  0.08/turn              (no ring)

@: non-regenerating
A: damage resistance, heal wounds, sense surroundings 1, no regeneration
a: Heal Wounds


You were on level 2 of the Dungeon.
You visited 1 branch of the dungeon, and saw 2 of its levels.

You collected 143 gold pieces.

Inventory:

Hand Weapons
 a - a +0 war axe (weapon)
Armour
 b - a +0 scale mail (worn)
 c - a +0 kite shield (worn)
Jewellery
 g - a ring of protection from cold (left hand)
 j - a cursed amulet of inaccuracy (around neck)
 k - a cursed amulet of guardian spirit {unknown}
Scrolls
 h - a scroll of identify
Potions
 d - a potion of might
 e - a potion of stabbing
 f - a potion of lignification {unknown}
 i - a potion of curing {unknown}
 m - a potion of mutation {unknown}


   Skills:
 + Level 3.2 Fighting
 + Level 3.1 Axes
 + Level 4.0 Armour
 + Level 1.8 Dodging
 + Level 4.0 Shields


You had 3 spell levels left.
You didn't know any spells.
Your spell library was empty.

Dungeon Overview and Level Annotations

Branches:
Dungeon (2/15)

Altars:

Annotations:
D:2 Sigmund


Innate Abilities, Weirdness & Mutations

You are resistant to damage.
You can heal yourself by infusing magical energy.
You passively map a small area around you.
You do not regenerate.


Message History

Something hits you!
You completely miss something.
You hear some strange, mumbled words.
A magic dart appears from out of thin air!
The magic dart hits you.
You're too confused to move!
Something hits you but does no damage. Something hits you but does no damage.
You bump into the rock wall.
You feel less confused. Something hits you.
* * * LOW HITPOINT WARNING * * *
You closely miss something. Something hits you but does no damage.
You miss something. Something hits you but does no damage.
You miss something. Something hits you!
* * * LOW HITPOINT WARNING * * *
You miss something. Something hits you.
You miss something. Something hits you.
You closely miss something. You block something's attack.
You miss something. Something hits you!
You die...

###..# ,
,..#.#
.##..# .
* #.#.#
.....#
.., #.#.#
.#...#.#.
#.#.#
.........
* #.#.#
#...##.#
* #.#.#
....# .
#.#.#
.#..# * *
#.#.#
.#..# ,
#@#.#
.#.>#
#{..#
.#..#*,
#.###
.#..#*,,
### ##..#
, * # ..#
, , , , ,


There were no monsters in sight!

Vanquished Creatures
  Terence (D:2)
  Robin (D:2)
  3 worms (D:2)
  2 dart slugs (D:1)
  2 leopard geckos
  A giant cockroach (D:1)
  24 goblins
  7 hobgoblins
  2 quokkas (D:2)
  4 bats
  5 frilled lizards (D:2)
  2 kobolds (D:1)
  3 rats
57 creatures vanquished.

Notes
Turn   | Place    | Note
-------+----------+-------------------------------------------
     0 | D:1      | reriks the Deep Dwarf Fighter began the quest for the Orb.
     0 | D:1      | Reached XP level 1. HP: 20/20 MP: 1/1
   210 | D:1      | Reached XP level 2. HP: 25/27 MP: 2/2
   470 | D:1      | Reached skill level 1 in Dodging
   722 | D:2      | Noticed Terence
   737 | D:2      | Killed Terence
   737 | D:2      | Reached XP level 3. HP: 22/34 MP: 3/3
   990 | D:2      | Reached XP level 4. HP: 34/42 MP: 3/3
  1458 | D:2      | Noticed Robin
  1464 | D:2      | Killed Robin
  1608 | D:2      | Noticed Sigmund
  1640 | D:2      | Slain by Sigmund

Illustrated notes

Levels and vault maps discovered:
D:1:      evilmike_arrival_rings, layout_loops_ring
D:2:      minmay_angry_zag, layout_basic, minmay_goblin_outpost, uniq_sigmund,
          uniq_terence, uniq_robin

Skill      XL: |  1  2  3  4 |
---------------+-------------+-----
Dodging        | 1 |  1.8
Fighting       | 3 |  3.2
Axes           | 3 |  3.1
Armour         | 4 |  4.0
Shields        | 4 |  4.0

Action                   |  1- 3 |  4- 6 || total
-------------------------+-------+-------++-------
Melee: War axe           |   134 |   145 ||   279
 Abil: Heal Wounds       |     1 |     2 ||     3
  Use: Scroll            |     2 |     2 ||     4
Armor: Scale mail        |    47 |    53 ||   100
Dodge: Dodged            |    34 |    43 ||    77
Block: Kite shield       |    85 |    77 ||   162

Table legend: (Time is in decaauts)
 A = Elapsed time spent in this place.
 B = Non-inter-level travel time spent in this place.
 C = Inter-level travel time spent in this place.
 D = Time resting spent in this place.
 E = Time spent auto-exploring this place.
 F = Levels seen in this place.
 G = Mean time per level.
                   A        B        C        D        E       F      G
               +--------+--------+--------+--------+--------+-----+--------+
         Total |   1761 |   1751 |     10 |    151 |   1044 |   2 |  880.5 |
       Dungeon |   1761 |   1751 |     10 |    151 |   1044 |   2 |  880.5 |
               +--------+--------+--------+--------+--------+-----+--------+

Top non-repeatable levels by time:
     D:2: 1034 daAuts
     D:1: 726 daAuts
